 Dungeon Crawl Stone Soup version 0.27.1 (webtiles) character file.

Game seed: 13698630016577458686

1355 Ishikawa the Thaumaturge (level 8, -1/58 HPs)
             Began as a Gnoll Hedge Wizard on Aug 24, 2021.
             Was an Initiate of Sif Muna.
             Slain by a vampire (12 damage)
             ... on level 7 of the Dungeon.
             The game lasted 00:29:21 (8613 turns).

Ishikawa the Thaumaturge (Gnoll Hedge Wizard)       Turns: 8613, Time: 00:29:22

Health: -1/58      AC:  8    Str: 10    XL:     8   Next: 63%
Magic:  20/20      EV: 14    Int: 15    God:    Sif Muna [......]
Gold:   309        SH:  0    Dex: 12    Spells: 10/23 levels left

rFire    . . .     SeeInvis .   w - +2 hand axe (venom)
rCold    . . .     Faith    .   (no shield)
rNeg     . . .     Spirit   .   b - +0 robe
rPois    .         Reflect  .   c - +0 hat
rElec    .         Harm     .   (no cloak)
rCorr    .         Rampage  .   f - +0 pair of gloves
Will     .....                  r - +0 pair of boots
Stlth    +++.......             (no amulet)
HPRegen  0.19/turn              k - +4 ring of slaying
MPRegen  0.17/turn              o - +4 ring of protection

@: no status effects
A: fangs 1, strong nose, distributed training
a: Renounce Religion


You were on level 7 of the Dungeon.
You worshipped Sif Muna.
Sif Muna was noncommittal.
You visited 2 branches of the dungeon, and saw 8 of its levels.

You collected 309 gold pieces.

Inventory:

Hand Weapons
 d - a +1 short sword of speed
 e - a +0 short sword of venom
 p - a +4 dagger of draining
 w - a +2 hand axe of venom (weapon)
Armour
 b - a +0 robe (worn)
 c - a +0 hat (worn)
 f - a +0 pair of gloves (worn)
 r - a +0 pair of boots (worn)
Jewellery
 k - a +4 ring of slaying (left hand)
 l - a +6 ring of dexterity
 o - a +4 ring of protection (right hand)
Wands
 i - a wand of polymorph (22)
 v - a wand of iceblast (8)
Scrolls
 a - a scroll of magic mapping {unknown}
 g - 3 scrolls of identify
 h - a scroll of torment {unknown}
 j - a scroll of vulnerability {unknown}
 n - a scroll of fear {unknown}
 q - a scroll of enchant armour {unknown}
 s - a scroll of fog {unknown}
 t - a scroll of silence {unknown}
 u - a scroll of blinking {unknown}
Potions
 m - a potion of lignification


   Skills:
 + Level 3.4 Fighting
 + Level 3.4 Short Blades
 + Level 3.4 Long Blades
 + Level 3.4 Axes
 + Level 3.4 Maces & Flails
 + Level 3.4 Polearms
 + Level 3.4 Staves
 + Level 3.4 Slings
 + Level 3.4 Bows
 + Level 3.4 Crossbows
 + Level 3.4 Throwing
 + Level 3.4 Armour
 + Level 5.8 Dodging
 + Level 5.5 Stealth
 + Level 3.4 Shields
 + Level 3.4 Unarmed Combat
 + Level 8.0 Spellcasting
 + Level 3.6 Conjurations
 + Level 2.8 Hexes
 + Level 3.6 Summonings
 + Level 2.8 Necromancy
 + Level 3.6 Translocations
 + Level 2.8 Transmutations
 + Level 2.8 Fire Magic
 + Level 2.8 Ice Magic
 + Level 2.8 Air Magic
 + Level 2.8 Earth Magic
 + Level 2.8 Poison Magic
 + Level 3.8 Invocations
 + Level 3.4 Evocations


You had 10 spell levels left.
You knew the following spells:

 Your Spells              Type           Power      Damage    Failure   Level
a - Magic Dart            Conj           64%        1d6       2%          1
b - Call Imp              Summ           16%        N/A       4%          2
c - Blink                 Tloc           N/A        N/A       4%          2
d - Slow                  Hex            14%        N/A       5%          2
e - Conjure Flame         Conj/Fire      15%        6-21      10%         3
f - Mephitic Cloud        Conj/Pois/Air  15%        N/A       10%         3

Your spell library contained the following spells:

 Spells                   Type           Power      Damage    Failure   Level
 Apportation              Tloc           32%        N/A       2%          1
 Summon Small Mammal      Summ           64%        N/A       2%          1
 Animate Skeleton         Necr           28%        N/A       3%          1
 Corona                   Hex            15%        N/A       3%          1
 Gell's Gravitas          Tloc           8%         N/A       9%          3
 Lesser Beckoning         Tloc           8%         N/A       9%          3
 Teleport Other           Tloc           16%        N/A       9%          3
 Dispersal                Tloc           8%         N/A       99%         6


Dungeon Overview and Level Annotations

Branches:
Dungeon (7/15)             Temple (1/1) D:6

Altars:
Cheibriados
Dithmenos
Elyvilon
Fedhas
Gozag
Hepliaklqana
Kikubaaqudgha
Nemelex Xobeh
Okawaru
Qazlal
Ru
Sif Muna
Trog
Uskayaw
Vehumet
Zin
The Shining One

Annotations:
D:5 Prince Ribbit


Innate Abilities, Weirdness & Mutations

You have very sharp teeth.
Your uncanny sense of smell can sniff out nearby items.
Your experience applies equally to all skills.


Message History

Your crimson imp hits something but does no damage.
It was a potion of ambrosia.
You are more confused.
You feel invigorated.
Your white imp hits something.
Your white imp freezes something.
Something completely misses you. Something bites you.
* * * LOW HITPOINT WARNING * * *
Something draws strength from your injuries!
Your crimson imp hits something but does no damage.
Are you sure you want to stumble around while confused and next to your crimson imp?
You bump into the rock wall.
Your white imp barely misses something.
Something hits you.
* * * LOW HITPOINT WARNING * * *
Something bites you but does no damage.
Your crimson imp closely misses something.
Are you sure you want to stumble around while confused and next to your crimson imp?
You're too confused to move!
You feel less invigorated.
Your white imp hits something but does no damage.
Something hits you!
* * * LOW HITPOINT WARNING * * *
Something bites you but does no damage.
Your crimson imp barely misses something.
Are you sure you want to stumble around while confused and next to your crimson imp?
You bump into the rock wall.
Your white imp closely misses something.
Something hits you.
* * * LOW HITPOINT WARNING * * *
Something bites you but does no damage.
Your crimson imp closely misses something.
Are you sure you want to stumble around while confused and next to your crimson imp?
You closely miss something.
Your white imp barely misses something.
Something hits you.
* * * LOW HITPOINT WARNING * * *
Something bites you but does no damage.
Your crimson imp barely misses something.
Are you sure you want to stumble around while confused and next to your crimson imp?
You're too confused to move!
You feel less confused.
Your white imp misses something.
Something hits you!
You die...

...## ### .... ###..
...### .....# #....#
...... #.... .)...# 55.
......#####{#######
#.....5@.......
#..####.####### ##.#
#.....# ∆
#.####.###.####
#.........<...# ∆
###..###.######.#####...
#..............(........
#.##...#.####.#.#####...
#.#....#......#.#


You could see 2 friendly crimson imps and a friendly white imp (summoned).

Vanquished Creatures
  Eustachio (D:4)
  Duvessa (D:4)
  2 sky beasts
  A hornet zombie (D:6)
  A scorpion (D:6)
  Dowan (D:4)
  A water moccasin zombie (D:6)
  A bullfrog zombie (D:5)
  A bullfrog skeleton (D:5)
  A jelly (D:6)
  A centaur skeleton (D:7)
  An orc priest (D:6)
  2 gnoll shamans (D:6)
  An iguana (D:5)
  2 hound skeletons (D:5)
  7 gnolls (D:6)
  3 adders (D:4)
  A shadow imp (D:6)
  A white imp (D:4)
  A dart slug (D:2)
  15 orcs
  7 ball pythons
  4 endoplasms
  A giant cockroach (D:2)
  15 goblins
  5 hobgoblins
  3 kobolds
  3 quokkas
  4 bats
  5 frilled lizards
  3 rats
96 creatures vanquished.

Vanquished Creatures (collateral kills)
  Sigmund (D:4)
  3 ogres
  2 hounds
  A jelly (D:6)
  Ijyb (D:5)
  A bullfrog skeleton (D:4)
  Natasha (thrice) (D:3)
  Robin (D:4)
  5 gnolls
  3 adders
  2 worms
  3 orcs (D:3)
  4 goblins
  A hobgoblin (D:4)
  A quokka (D:3)
  A ball python (D:2)
  A bat (D:3)
34 creatures vanquished.

Grand Total: 130 creatures vanquished

Notes
Turn   | Place    | Note
-------+----------+-------------------------------------------
     0 | D:1      | Ishikawa the Gnoll Hedge Wizard began the quest for the
                  | Orb.
     0 | D:1      | Reached XP level 1. HP: 13/13 MP: 8/8
   403 | D:1      | Reached XP level 2. HP: 14/19 MP: 10/10
   411 | D:1      | Learned a level 2 spell: Call Imp
   414 | D:1      | Learned a level 2 spell: Blink
   417 | D:1      | Learned a level 2 spell: Slow
   929 | D:1      | Found a faded altar of an unknown god.
  1211 | D:2      | Reached XP level 3. HP: 25/25 MP: 11/11
  1446 | D:2      | Reached skill level 1 in Invocations
  2001 | D:3      | Reached skill level 1 in Fighting
  2001 | D:3      | Reached skill level 1 in Short Blades
  2001 | D:3      | Reached skill level 1 in Long Blades
  2001 | D:3      | Reached skill level 1 in Axes
  2001 | D:3      | Reached skill level 1 in Maces & Flails
  2001 | D:3      | Reached skill level 1 in Polearms
  2001 | D:3      | Reached skill level 1 in Staves
  2001 | D:3      | Reached skill level 1 in Slings
  2001 | D:3      | Reached skill level 1 in Bows
  2001 | D:3      | Reached skill level 1 in Crossbows
  2001 | D:3      | Reached skill level 1 in Throwing
  2001 | D:3      | Reached skill level 1 in Armour
  2001 | D:3      | Reached skill level 1 in Shields
  2001 | D:3      | Reached skill level 1 in Unarmed Combat
  2001 | D:3      | Reached skill level 1 in Evocations
  2143 | D:3      | Reached XP level 4. HP: 31/32 MP: 1/13
  2300 | D:3      | Noticed Natasha
  2311 | D:3      | Killed Natasha
  2348 | D:3      | Noticed Natasha
  2353 | D:3      | Killed Natasha
  2354 | D:3      | Reached skill level 1 in Hexes
  2354 | D:3      | Reached skill level 1 in Necromancy
  2354 | D:3      | Reached skill level 1 in Transmutations
  2354 | D:3      | Reached skill level 1 in Fire Magic
  2354 | D:3      | Reached skill level 1 in Ice Magic
  2354 | D:3      | Reached skill level 1 in Air Magic
  2354 | D:3      | Reached skill level 1 in Earth Magic
  2354 | D:3      | Reached skill level 1 in Poison Magic
  2401 | D:3      | Learned a level 3 spell: Conjure Flame
  2405 | D:3      | Learned a level 3 spell: Mephitic Cloud
  2770 | D:3      | Noticed Natasha
  2784 | D:3      | Killed Natasha
  2785 | D:3      | Reached XP level 5. HP: 37/37 MP: 10/14
  2855 | D:4      | Noticed an ogre
  2983 | D:4      | Noticed Robin
  3062 | D:4      | Killed Robin
  3248 | D:4      | Noticed Sigmund
  3345 | D:4      | Killed Sigmund
  3346 | D:4      | Reached XP level 6. HP: 26/44 MP: 10/16
  3674 | D:4      | Noticed Eustachio
  3947 | D:4      | Killed Eustachio
  3948 | D:4      | Reached skill level 5 in Dodging
  4042 | D:4      | Noticed Dowan
  4054 | D:4      | Noticed Duvessa
  4072 | D:5      | Entered Level 5 of the Dungeon
  4367 | D:5      | Noticed a sky beast
  4399 | D:5      | HP: 1/44 [sky beast (5)]
  4416 | D:5      | Killed a sky beast
  4417 | D:5      | Reached XP level 7. HP: 4/50 MP: 9/18
  4795 | D:5      | Noticed Ijyb
  4809 | D:5      | Killed Ijyb
  4924 | D:5      | Found an ancient bone altar of Kikubaaqudgha.
  5233 | D:5      | Noticed Prince Ribbit
  5979 | D:4      | Killed Duvessa
  5980 | D:4      | Reached skill level 5 in Stealth
  5999 | D:4      | Killed Dowan
  6861 | D:6      | Reached XP level 8. HP: 31/57 MP: 9/19
  7368 | D:6      | Found a staircase to the Ecumenical Temple.
  7426 | Temple   | Entered the Ecumenical Temple
  7432 | Temple   | Became a worshipper of Sif Muna the Loreminder
  7730 | D:6      | Reached skill level 8 in Spellcasting
  8131 | D:6      | HP: 1/58 [orc priest/divine providence (13)]
  8589 | D:7      | Noticed a vampire
  8613 | D:7      | Slain by a vampire

Illustrated notes

Levels and vault maps discovered:
D:1:      amcnicky_arrival_double_pillar, layout_basic,
          chequers_ecumenical_altar_twisty, serial_bayou_pond_d,
          kennysheep_pointless_box
D:2:      layout_rooms, grunt_ministairs_1
D:3:      layout_basic, guppyfry_early_orc_mine, uniq_natasha
D:4:      layout_loops_ring, enter_ossuary_1, uniq_sigmund, uniq_duvessa,
          uniq_eustachio, uniq_robin
D:5:      layout_loops_corners, mainiacjoe_overflow_boulevard, uniq_ijyb,
          uniq_prince_ribbit1
D:6:      layout_loops_ring, minmay_temple_entry_arrows, serial_rivers,
          chequers_serial_rivers_micro_a, chequers_serial_rivers_micro_a,
          chequers_serial_rivers_micro_b, chequers_serial_rivers_large_a,
          chequers_serial_rivers_micro_a
D:7:      layout_basic, minmay_lizard_king, uniq_maggie
Temple:   dpeg_three_leaves_temple

Skill      XL: |  1  2  3  4  5  6  7  8 |
---------------+-------------------------+-----
Conjurations   | 2 3 |  3.6
Summonings     | 2 3 |  3.6
Translocations | 2 3 |  3.6
Invocations    | 1 2 3 |  3.8
Fighting       | 1 2 3 |  3.4
Short Blades   | 1 2 3 |  3.4
Long Blades    | 1 2 3 |  3.4
Axes           | 1 2 3 |  3.4
Maces & Flails | 1 2 3 |  3.4
Polearms       | 1 2 3 |  3.4
Staves         | 1 2 3 |  3.4
Slings         | 1 2 3 |  3.4
Bows           | 1 2 3 |  3.4
Crossbows      | 1 2 3 |  3.4
Throwing       | 1 2 3 |  3.4
Armour         | 1 2 3 |  3.4
Shields        | 1 2 3 |  3.4
Unarmed Combat | 1 2 3 |  3.4
Evocations     | 1 2 3 |  3.4
Hexes          | 1 2 |  2.8
Necromancy     | 1 2 |  2.8
Transmutations | 1 2 |  2.8
Fire Magic     | 1 2 |  2.8
Ice Magic      | 1 2 |  2.8
Air Magic      | 1 2 |  2.8
Earth Magic    | 1 2 |  2.8
Poison Magic   | 1 2 |  2.8
Dodging        | 5 |  5.8
Stealth        | 5 |  5.5
Spellcasting   | 8 |  8.0

Action                   |  1- 3 |  4- 6 |  7- 9 || total
-------------------------+-------+-------+-------++-------
Melee: Short sword       |    56 |   106 |    43 ||   205
       Bite              |     6 |     7 |     8 ||    21
       Dagger            |     1 |       |    18 ||    19
       Punch             |       |     1 |     1 ||     2
       Hand axe          |       |       |    63 ||    63
       Unarmed           |       |       |     6 ||     6
 Cast: Magic Dart        |    45 |    47 |    53 ||   145
       Call Imp          |    10 |    54 |    54 ||   118
       Blink             |     1 |     1 |     4 ||     6
       Slow              |       |     1 |       ||     1
       Conjure Flame     |       |       |     6 ||     6
       Mephitic Cloud    |       |       |     2 ||     2
  Use: Potion            |     4 |     4 |     2 ||    10
       Scroll            |       |     1 |       ||     1
 Stab: Sleeping          |     5 |       |     3 ||     8
Armor: Robe              |    10 |    23 |    37 ||    70
       Skin              |     7 |       |     1 ||     8
Dodge: Dodged            |    40 |    72 |    99 ||   211
